 Dungeon Crawl Stone Soup version 0.22-a0-159-g7ce444f (webtiles) character file.

32790 4thArraOfDagon the Executioner (level 13, -7/159 (162) HPs)
             Began as a Hill Orc Air Elementalist on Feb 9, 2018.
             Was a High Priest of Nemelex Xobeh.
             Mangled by Snorg (15 damage)
             ... on level 1 of the Orcish Mines on Feb 11, 2018.
             The game lasted 00:54:53 (11523 turns).

4thArraOfDagon the Executioner (HOAE)              Turns: 11523, Time: 00:54:53

HP:   -7/159 (162)  AC: 17    Str: 17    XL:     13   Next: 66%
MP:   19/19         EV: 11    Int: 19    God:    Nemelex Xobeh [*****.]
Gold: 734           SH:  0    Dex: 11    Spells: 13/15 levels left

rFire    . . .     SeeInvis +   I - +0 war axe (elec)
rCold    . . .     Gourm    .   (no shield)
rNeg     . . .     Faith    .   L - +2 ring mail {rPois}
rPois    +         Spirit   .   C - +2 helmet
rElec    .         Reflect  .   (no cloak)
rCorr    .         Harm     .   E - +0 pair of gloves
MR       .....                  S - +2 pair of boots
Stlth    ..........             n - amulet of rage
HPRegen  0.36/turn              i - +3 ring of protection
MPRegen  0.16/turn              U - ring of see invisible

@: berserking (expiring), very quick
A: no striking features
a: Triple Draw, Deal Four, Stack Five, Renounce Religion, Evoke Berserk Rage


You were on level 1 of the Orcish Mines.
You worshipped Nemelex Xobeh.
Nemelex Xobeh was extremely pleased with you.
You were very hungry.

You visited 2 branches of the dungeon, and saw 16 of its levels.

You collected 971 gold pieces.
You spent 237 gold pieces at shops.

Inventory:

Hand Weapons
 s - a +0 blowgun
 I - a +0 war axe of electrocution (weapon)
 J - a +3 scimitar of flaming
 X - a +2 executioner's axe of chopping
Missiles
 f - 19 curare-tipped needles
 h - 3 throwing nets (quivered)
Armour
 C - a +2 helmet (worn)
 E - a +0 pair of gloves (worn)
 L - a +2 ring mail of poison resistance (worn)
 S - a +2 pair of boots (worn)
Jewellery
 e - a +1 ring of protection
 i - a +3 ring of protection (left hand)
 n - an amulet of rage (around neck)
 D - an uncursed ring of protection from cold
 R - an uncursed ring of ice
 U - a ring of see invisible (right hand)
 W - an uncursed ring of protection from magic
Wands
 b - a wand of iceblast (6)
 d - a wand of digging (18)
 t - a wand of random effects (23)
 O - a wand of polymorph (23)
 V - a wand of acid (2)
Scrolls
 a - 3 scrolls of magic mapping
 p - a scroll of fog
 y - a scroll of blinking
 z - 5 scrolls of teleportation
 A - a scroll of remove curse
 F - 2 scrolls of enchant armour
 H - 2 scrolls of noise {unknown}
 N - 3 scrolls of fear {unknown}
Potions
 l - a potion of flight {unknown}
 v - 4 potions of brilliance {unknown}
 w - 3 potions of might {unknown}
 B - 5 potions of curing {unknown}
 G - 4 potions of degeneration {unknown}
 K - 3 potions of mutation {unknown}
 M - a potion of cancellation {unknown}
 P - 2 potions of resistance
 Q - a potion of haste {unknown}
 T - 3 potions of magic {unknown}
 Z - a potion of heal wounds
Miscellaneous
 g - a legendary deck of destruction
 k - a sack of spiders
 m - a plain deck of destruction {drawn: 5}
 q - a plain deck of summoning {drawn: 4}
 r - a plain deck of escape
 u - a legendary deck of summoning {the Illusion, left: 5}
 x - a plain deck of escape {drawn: 1}
 Y - an ornate deck of destruction {drawn: 1}
Comestibles
 c - 16 rations


   Skills:
 - Level 8.3 Fighting
 * Level 22.4 Axes
 - Level 1.5 Dodging
 - Level 1.5 Stealth
 - Level 1.5 Spellcasting
 - Level 1.0 Conjurations
 - Level 2.4 Air Magic
 - Level 9.0 Invocations
 - Level 7.0 Evocations


You had 13 spell levels left.
You knew the following spells:

 Your Spells              Type           Power        Failure   Level  Hunger
a - Shock                 Conj/Air       #...         16%         1    ##.....
b - Apportation           Tloc           #.....       32%         1    ##.....


Dungeon Overview and Level Annotations

Branches:
Dungeon (15/15)            Temple (0/1) D:6            Lair (0/6) D:8
    Orc (1/2) D:11         Vaults (0/5) D:13
 Depths: D:15

Altars:
Cheibriados
Dithmenos
Elyvilon
Fedhas
Gozag
Nemelex Xobeh
Sif Muna
Xom
The Shining One

Shops:
D:4 *:   D:9 [   D:10 (   D:11 *   D:15 [

Annotations:
Orc:1 Maurice, Snorg


Message History

Maurice wields the +9 mace of Wurpheo {crush, Dex+7}.
Maurice freezes you.
You slash Snorg!
Snorg is severely wounded.
You barely miss Maurice. Snorg bites you!!
* * * LOW HITPOINT WARNING * * *
Snorg barely misses you. Snorg claws you!
* * * LOW HITPOINT WARNING * * *
Unknown command.
Unknown command.
You slice Snorg!! Lightning courses through Snorg!
Snorg is almost dead.
You barely miss Maurice.
Maurice gestures wildly while chanting.
Maurice flickers and vanishes for a moment.
Snorg bites you!
* * * LOW HITPOINT WARNING * * *
Snorg claws you!
You die...
Your body glows with a rainbow of weird colours and disappears.

.............$.
...............
...$...........
...............
...............
...............
.......T...$...
.......@@......
......).)......
.....o.##......
......# ...$..
..#... .....
...... .....
.o#.# .... ..##
#...


You could see Snorg (berserk), Maurice (invisible) and 2 orcs.

Vanquished Creatures
  Josephine (D:13)
  A vault guard (D:13)
  A hydra (D:15)
  Fannar (D:11)
  2 centaur warriors
  Erica (D:10)
  3 two-headed ogres
  An unseen horror (D:15)
  A deep troll (D:13)
  2 deep elf magi (D:14)
  4 cyclopes
  3 manticores
  2 centaur zombies
  A gargoyle (D:14)
  A rime drake (shapeshifter) (D:15)
  An efreet (D:13)
  2 kobold demonologists
  3 trolls
  A troll (shapeshifter) (D:11)
  8 slime creatures
  2 hippogriffs
  A shadow (D:10)
  6 wraiths
  12 yaks
  2 wyverns
  A vampire (D:12)
  A hungry ghost (D:10)
  A steam dragon (D:7)
  A human (shapeshifter) (D:14)
  6 vampire mosquitoes
  2 wargs
  An acid dragon (D:12)
  2 water moccasins
  A porcupine (D:8)
  4 orc warriors
  A sky beast (D:14)
  5 black bears
  An eye of draining (D:13)
  6 phantoms
  4 ogres
  2 necrophages
  18 centaurs
  A crocodile (D:15)
  A big kobold (D:10)
  12 bullfrogs
  A gnoll sergeant (D:8)
  A water moccasin zombie (D:8)
  3 scorpions
  5 killer bees
  A water moccasin skeleton (D:6)
  3 wights
  3 jellies
  5 crimson imps
  A bullfrog zombie (D:7)
  10 orc priests
  7 hounds
  A centaur skeleton (D:10)
  An iron imp (D:9)
  2 iguanas
  Natasha (twice) (D:3)
  19 orc wizards
  6 worker ants
  A killer bee zombie (D:7)
  2 hound skeletons
  A worker ant zombie (D:11)
  9 adders
  14 gnolls
  5 shadow imps
  5 oozes
  3 adder zombies
  An adder skeleton (D:4)
  4 worms
  A dart slug (D:1)
  3 leopard geckos
  76 orcs
  6 giant cockroaches
  10 hobgoblins
  14 jackals
  6 quokkas
  A ball python (D:1)
  6 bats
  11 goblins
  2 goblin zombies (D:9)
  16 kobolds
  3 kobold skeletons (D:9)
  A kobold zombie (D:9)
  A leopard gecko skeleton (D:4)
  An orc skeleton (D:9)
  2 quokka skeletons
  5 rats
415 creatures vanquished.

Vanquished Creatures (collateral kills)
  7 vault guards (D:13)
  2 two-headed ogres
  A wizard (D:15)
  An orc knight (D:15)
  A manticore (D:12)
  A harpy (shapeshifter) (D:13)
  An ugly thing (D:13)
  A komodo dragon (D:11)
  A meliai (shapeshifter) (D:15)
  A wyvern (D:13)
  A vampire mosquito (D:12)
  4 porcupines (D:8)
  4 orc warriors
  The ghost of KristoblXynda the Sneak, an amateur SpEn (D:4)
  A wyvern zombie (D:13)
  4 killer bees (D:9)
  6 wights
  An orc priest (D:7)
  4 orc wizards
  Natasha (D:3)
  An adder (D:11)
  17 orcs
  A quokka (D:3)
  A fungus (D:8)
64 creatures vanquished.

Vanquished Creatures (others)
  An ogre (D:8)
  A scorpion (D:8)
  A wight (D:8)
  3 orc wizards
  2 ball lightnings
  8 orcs
  A giant cockroach (D:7)
  29 fungi (D:8)
  16 plants
62 creatures vanquished.

Grand Total: 541 creatures vanquished

Notes
Turn   | Place    | Note
-------+----------+-------------------------------------------
     0 | D:1      | 4thArraOfDagon the Hill Orc Air Elementalist began the quest for the Orb.
     0 | D:1      | Reached XP level 1. HP: 14/14 MP: 3/3
    70 | D:2      | Reached skill level 1 in Fighting
   110 | D:2      | Reached XP level 2. HP: 23/24 MP: 1/4
   205 | D:3      | Noticed Natasha
   214 | D:3      | Killed Natasha
   214 | D:3      | Reached XP level 3. HP: 27/31 MP: 0/5
   238 | D:3      | Found a shimmering altar of Xom.
   293 | D:3      | Learned a level 1 spell: Apportation
   303 | D:3      | Noticed Natasha
   325 | D:4      | Found Muqivuss's Elemental Accessories.
   461 | D:2      | Found a shimmering altar of Xom.
   461 | D:2      | Found a sparkling altar of Nemelex Xobeh.
   469 | D:2      | Became a worshipper of Nemelex Xobeh the Trickster
   487 | D:3      | Received a gift from Nemelex Xobeh
   501 | D:3      | Reached XP level 4. HP: 37/40 MP: 2/6
   591 | D:4      | Reached skill level 1 in Invocations
   644 | D:4      | Found Hueb's Book Shop.
   783 | D:4      | Reached skill level 1 in Evocations
   796 | D:4      | Reached XP level 5. HP: 42/47 MP: 1/7
  1070 | D:5      | Entered Level 5 of the Dungeon
  1161 | D:5      | Noticed a centaur
  1169 | D:5      | Killed a centaur
  1169 | D:5      | Reached skill level 5 in Fighting
  1169 | D:5      | Reached XP level 6. HP: 39/56 MP: 8/8
  1265 | D:6      | Noticed a black bear
  1382 | D:5      | Reached * piety under Nemelex Xobeh
  1410 | D:5      | Found a white marble altar of Elyvilon.
  1629 | D:2      | Found an opulent altar of Gozag.
  1690 | D:2      | Reached XP level 7. HP: 61/61 MP: 9/9
  2168 | D:1      | Reached ** piety under Nemelex Xobeh
  2571 | D:2      | Reached skill level 1 in Axes
  2852 | D:3      | Killed Natasha
  2884 | D:3      | Noticed Natasha
  2898 | D:3      | Reached skill level 2 in Axes
  2901 | D:3      | Killed Natasha
  3167 | D:4      | Noticed KristoblXynda's ghost (amateur SpEn)
  3183 | D:4      | Killed KristoblXynda's ghost
  3183 | D:4      | Reached skill level 3 in Axes
  3198 | D:4      | Received a gift from Nemelex Xobeh
  3384 | D:5      | Reached XP level 8. HP: 69/70 MP: 11/11
  3492 | D:6      | Found a shadowy altar of Dithmenos.
  3502 | D:6      | Reached skill level 4 in Axes
  3502 | D:6      | Reached skill level 5 in Invocations
  3502 | D:6      | Reached skill level 5 in Evocations
  3706 | D:6      | Reached skill level 5 in Axes
  3796 | D:6      | Found a staircase to the Ecumenical Temple.
  3836 | D:6      | Received a gift from Nemelex Xobeh
  3987 | D:7      | Reached skill level 6 in Axes
  4019 | D:7      | Reached XP level 9. HP: 63/79 MP: 13/13
  4157 | D:7      | Reached skill level 7 in Axes
  4308 | D:7      | Reached *** piety under Nemelex Xobeh
  4361 | D:6      | Found a snail-covered altar of Cheibriados.
  4451 | D:8      | Reached skill level 8 in Axes
  4456 | D:8      | Wehk: Is that player tile of the desolation dudes?
  4502 | D:8      | Reached skill level 9 in Axes
  4509 | D:8      | Found a staircase to the Lair.
  4624 | D:8      | Reached XP level 10. HP: 49/89 MP: 15/15
  4688 | D:8      | Received a gift from Nemelex Xobeh
  4891 | D:8      | Reached skill level 10 in Axes
  5077 | D:8      | Noticed a two-headed ogre
  5086 | D:8      | Killed a two-headed ogre
  5086 | D:8      | Reached skill level 11 in Axes
  5185 | D:9      | Received a gift from Nemelex Xobeh
  5208 | D:9      | Found Unebluhe's Antique Armour Boutique.
  5395 | D:9      | Found a glowing golden altar of the Shining One.
  5395 | D:9      | Reached **** piety under Nemelex Xobeh
  5462 | D:9      | Found a blossoming altar of Fedhas.
  5530 | D:9      | Received a gift from Nemelex Xobeh
  5728 | D:9      | Reached skill level 12 in Axes
  5836 | D:9      | Found a deep blue altar of Sif Muna.
  5853 | D:10     | Entered Level 10 of the Dungeon
  6142 | D:10     | Paralysed by fainting for 9 turns
  6156 | D:10     | Paralysed by fainting for 5 turns
  6171 | D:10     | Received a gift from Nemelex Xobeh
  6192 | D:10     | Noticed a cyclops
  6208 | D:10     | Killed a cyclops
  6208 | D:10     | Reached skill level 13 in Axes
  6317 | D:10     | Noticed Erica
  6335 | D:10     | Killed Erica
  6335 | D:10     | Reached skill level 14 in Axes
  6335 | D:10     | Reached XP level 11. HP: 73/95 MP: 17/17
  6625 | D:10     | Found Wuwic's Weapon Emporium.
  6628 | D:10     | Bought a +0 war axe of electrocution for 181 gold pieces
  6901 | D:11     | Received a gift from Nemelex Xobeh
  6957 | D:11     | Found Toul's General Store.
  6959 | D:11     | Bought a scroll of magic mapping for 56 gold pieces
  6994 | D:11     | Thaneod: !lg Thaneod
  6994 | D:11     | beem: 895. Thaneod the Archmage (L27 DEFE of Vehumet), blasted by a balrug (divine providence) on Zig:25 on 2018-01-30 16:16:43, with 1663999 points after 158596 turns and 20:50:05.
  6994 | D:11     | 4thArraOfDagon: o
  6994 | D:11     | 4thArraOfDagon: megazig?
  7033 | D:11     | Thaneod: taa hell sentinel spam
  7046 | D:11     | Reached skill level 15 in Axes
  7049 | D:11     | Noticed Sonja
  7060 | D:11     | Noticed Sonja
  7060 | D:11     | Sonja changed into Sonja the shapeshifter
  7061 | D:11     | Noticed Sonja
  7061 | D:11     | Sonja the shapeshifter changed into Sonja the troll
  7069 | D:11     | Killed Sonja the troll
  7076 | D:11     | Found a staircase to the Orcish Mines.
  7094 | D:11     | Thaneod: jak sie zamienia w cos innego to dropi itemy?
  7102 | D:11     | 4thArraOfDagon: no to w mega musisz isc w mak
  7102 | D:11     | Thaneod: np. poison albo distortion?
  7168 | D:11     | 4thArraOfDagon: nnie a co
  7296 | D:11     | Noticed Fannar
  7300 | D:11     | Thaneod: czyli moze byc Death YAk z spear of distortion?
  7335 | D:12     | Reached ***** piety under Nemelex Xobeh
  7341 | D:12     | Noticed a manticore
  7366 | D:12     | Killed a manticore
  7408 | D:12     | Received a gift from Nemelex Xobeh
  7413 | D:12     | Noticed a cyclops
  7421 | D:12     | Killed a cyclops
  7455 | D:12     | Thaneod: fajnie atakuja te centaury btw
  7459 | D:12     | 4thArraOfDagon: no fajne
  7459 | D:12     | 4thArraOfDagon: nemelex jest niedoceniany
  7459 | D:12     | 4thArraOfDagon: fajne te karty
  7503 | D:12     | Reached skill level 16 in Axes
  7616 | D:12     | Noticed a two-headed ogre
  7640 | D:12     | Killed a two-headed ogre
  7786 | D:12     | Identified the Guide on Confrontation and Talismans
  7787 | D:12     | Thaneod: aby dobrze nim grać trzeba dobrze karty wszystkie obczajic
  7790 | D:12     | Received a gift from Nemelex Xobeh
  7883 | D:12     | Noticed a cyclops
  7891 | D:12     | Killed a cyclops
  7936 | D:12     | Reached skill level 17 in Axes
  8003 | D:12     | 4thArraOfDagon: no
  8003 | D:12     | 4thArraOfDagon: bo tak to random
  8033 | D:13     | Found a gate to the Vaults.
  8033 | D:13     | Noticed a vault guard
  8033 | D:13     | Noticed a vault guard
  8033 | D:13     | Noticed a vault guard
  8034 | D:13     | Noticed a vault guard
  8040 | D:13     | Noticed a vault guard
  8048 | D:13     | Noticed a vault guard
  8061 | D:13     | Killed a vault guard
  8066 | D:13     | Killed a vault guard
  8069 | D:13     | Killed a vault guard
  8069 | D:13     | Reached XP level 12. HP: 47/102 MP: 18/18
  8072 | D:13     | Killed a vault guard
  8073 | D:13     | Thaneod: a kiedy zrobisz GrSu?
  8077 | D:13     | Killed a vault guard
  8078 | D:13     | Noticed a vault guard
  8080 | D:13     | Killed a vault guard
  8080 | D:13     | Reached skill level 18 in Axes
  8081 | D:13     | Thaneod: !hs grsu
  8082 | D:13     | Noticed a vault guard
  8082 | D:13     | beem: No games for grsu (sc<1000000000).
  8088 | D:13     | Killed a vault guard
  8096 | D:13     | Thaneod: !hs GrSu
  8096 | D:13     | beem: No games for GrSu (sc<1000000000).
  8103 | D:13     | Killed a vault guard
  8170 | D:13     | Received a gift from Nemelex Xobeh
  8183 | D:13     | 4thArraOfDagon: o, stack five
  8186 | D:13     | 4thArraOfDagon: ??foxfire
  8186 | D:13     | beem: foxfire card[1/3]: Summons flying things. High power gives more powerful things, increases the number of things and and reduces the chances of things being hostile.
  8186 | D:13     | 4thArraOfDagon: ??foxfire[2
  8186 | D:13     | beem: foxfire card[2/3]: Summon types are: butterfly, insubstantial wisp, bumblebee, vampire mosquito, vapour, yellow wasp, red wasp. Each monster has an individual chance of being hostile. You'll get a warning message if you manage to summon hostile vapours on yourself with no SInv.
  8186 | D:13     | 4thArraOfDagon: ??the elements
  8186 | D:13     | beem: I don't have a page labeled the_elements in my learndb.
  8465 | D:13     | Noticed a two-headed ogre
  8469 | D:13     | Killed a two-headed ogre
  8725 | D:13     | Reached skill level 19 in Axes
  8798 | D:13     | Noticed a two-headed ogre
  8806 | D:13     | Killed a two-headed ogre
  8932 | D:13     | Received a gift from Nemelex Xobeh
  8953 | D:13     | Noticed Nessos
  8955 | D:13     | Noticed Nessos
  8955 | D:13     | Nessos changed into Nessos the deep troll
  8966 | D:13     | Killed Nessos the deep troll
  8990 | D:13     | Noticed Josephine
  9002 | D:13     | Thaneod: co to była za chmura?
  9005 | D:13     | Killed Josephine
  9046 | D:13     | Reached skill level 20 in Axes
  9084 | D:13     | 4thArraOfDagon: a, burze
  9084 | D:13     | 4thArraOfDagon: cos jak confure flame
  9084 | D:13     | 4thArraOfDagon: tylko elektrycznosci
  9160 | D:14     | Received a gift from Nemelex Xobeh
  9232 | D:14     | Thaneod: ah
  9341 | D:14     | Reached XP level 13. HP: 100/106 MP: 19/19
  9518 | D:14     | Reached skill level 21 in Axes
  9983 | D:15     | Entered Level 15 of the Dungeon
 10131 | D:15     | Got a dazzling mace
 10132 | D:15     | Identified the +9 mace of Wurpheo {crush, Dex+7} (You found it on level 15 of the Dungeon)
 10141 | D:15     | Received a gift from Nemelex Xobeh
 10466 | D:15     | Found Sadwibb's Antique Armour Shoppe.
 10490 | D:15     | Reached skill level 22 in Axes
 11378 | D:11     | Killed Fannar
 11465 | Orc:1    | Entered Level 1 of the Orcish Mines
 11467 | Orc:1    | Noticed Snorg
 11512 | Orc:1    | Noticed Maurice
 11523 | Orc:1    | Mangled by Snorg

Vault maps used:
D:1:      dpeg_arrival_refuge
D:2:      old_standard_altar, nicolae_overflow_hidden_temple, first_ration
D:3:      tgw_xom, uniq_natasha
D:4:      corexii_shantytown, serial_shops, nicolae_shop_crystal,
          nicolae_elemental_shop
D:5:      lemuel_round_altar, uniq_pikel
D:6:      minmay_temple_entry_grid, basic_altar, serial_bayou,
          serial_bayou_pond_d, serial_bayou_ford_a, serial_bayou_lagoon_a,
          serial_bayou_pond_e, serial_bayou_pond_a, grunt_dithmenos_shadows
D:8:      due_lair_maze_entry_diamond, grunt_ogre_cave
D:9:      led_sif_pool, nicolae_tso_besieged_by_evil, serial_shops, shop,
          fedhas_altar_fruit_tree
D:10:     serial_shops, nicolae_shop_behind_doors, uniq_erica
D:11:     david_orc_3, serial_shops, shop, uniq_fannar, uniq_sonja
D:13:     erik_vaults_2, uniq_nessos, uniq_josephine
D:14:     minmay_misc_feat_pillars
D:15:     hangedman_depths_entry_try_elsewhere_first, serial_shops, shop
Orc:1:    special_room, uniq_snorg, uniq_maurice, uniq_urug

Skill      XL: |  1  2  3  4  5  6  7  8  9 10 11 12 13 |
---------------+----------------------------------------+-----
Fighting       | 2 3 4 5 6 7 8 |  8.3
Invocations    | 2 3 4 6 7 9 |  9.0
Evocations     | 1 2 3 4 6 7 |  7.0
Axes           | 3 6 9 14 17 20 22 | 22.4
Dodging        | |  1.5
Stealth        | |  1.5
Spellcasting   | |  1.5
Conjurations   | |  1.0
Air Magic      | |  2.4

Action                   |  1- 3 |  4- 6 |  7- 9 | 10-12 | 13-15 || total
-------------------------+-------+-------+-------+-------+-------++-------
Melee: Whip              |    22 |       |       |       |       ||    22
       Falchion          |       |   102 |       |       |       ||   102
       Short sword       |       |    69 |   422 |   328 |       ||   819
       War axe           |       |       |       |   386 |   199 ||   585
       Executioner's axe |       |       |       |    15 |       ||    15
       Scimitar          |       |       |       |       |     7 ||     7
Throw: Throwing net      |       |       |       |     5 |       ||     5
 Cast: Shock             |    22 |    49 |    10 |       |       ||    81
Invok: Stack Five        |       |       |       |     1 |       ||     1
 Abil: Evoke Berserk Rag |       |     2 |       |     5 |     8 ||    15
Evoke: Deck              |       |       |    16 |    37 |     7 ||    60
       Wand              |       |       |     3 |     5 |     3 ||    11
       Sack of spiders   |       |       |       |       |     2 ||     2
  Use: Scroll            |     2 |     5 |     2 |    10 |     3 ||    22
       Potion            |     1 |     2 |     1 |     1 |       ||     5
 Stab: Sleeping          |       |     6 |     5 |       |       ||    11
       Distracted        |       |     1 |       |     2 |       ||     3
       Held in net/web   |       |       |       |     1 |       ||     1
  Eat: Chunk             |       |     6 |    11 |    15 |    12 ||    44
       Ration            |       |       |       |     5 |     1 ||     6
Armor: Robe              |    16 |    74 |    48 |       |       ||   138
       Skin              |       |    10 |       |     8 |       ||    18
       Ring mail         |       |       |   174 |   361 |   121 ||   656
Dodge: Dodged            |    42 |   143 |   223 |   286 |   122 ||   816
       Rpst.: Falchion   |       |    28 |       |       |       ||    28

Table legend:
 A = Spawn XP
 B = Non-spawn XP
 C = Spawn XP percentage of total XP
 D = Spawn monster count
 E = Non-spawn monster count
 F = Spawn count percentage of total count
 G = Total turns spent on level
                    A         B        C        D         E        F      G
               +---------+---------+-------+---------+---------+-------+---------
         Total |       0 |   46843 |   0.0 |       0 |     491 |   0.0 | 11523
               +---------+---------+-------+---------+---------+-------+---------
           D:1 |       0 |      36 |   0.0 |       0 |      16 |   0.0 |   591
           D:2 |       0 |     107 |   0.0 |       0 |      27 |   0.0 |   798
           D:3 |       0 |     282 |   0.0 |       0 |      23 |   0.0 |   553
           D:4 |       0 |     422 |   0.0 |       0 |      55 |   0.0 |  1024
           D:5 |       0 |     357 |   0.0 |       0 |      18 |   0.0 |   437
           D:6 |       0 |     823 |   0.0 |       0 |      17 |   0.0 |   568
           D:7 |       0 |    1602 |   0.0 |       0 |      38 |   0.0 |   472
           D:8 |       0 |    3035 |   0.0 |       0 |      44 |   0.0 |   725
           D:9 |       0 |    1114 |   0.0 |       0 |      45 |   0.0 |   685
          D:10 |       0 |    3660 |   0.0 |       0 |      39 |   0.0 |  1050
          D:11 |       0 |    2528 |   0.0 |       0 |      22 |   0.0 |   577
          D:12 |       0 |    4464 |   0.0 |       0 |      27 |   0.0 |   710
          D:13 |       0 |   12665 |   0.0 |       0 |      50 |   0.0 |  1141
          D:14 |       0 |    9325 |   0.0 |       0 |      40 |   0.0 |   955
          D:15 |       0 |    6411 |   0.0 |       0 |      26 |   0.0 |  1219
         Orc:1 |       0 |      12 |   0.0 |       0 |       4 |   0.0 |    18
               +---------+---------+-------+---------+---------+-------+---------
